 Dungeon Crawl Stone Soup version 0.21-a0-405-gf2af9a1 (webtiles) character file.

247 trolface1997 the Grave Robber (level 5, -8/35 HPs)
             Began as a Vampire Necromancer on Nov 1, 2017.
             Mangled by a gnoll
             ... wielding a +1 flail of distortion
              (12 damage)
             ... on level 3 of the Dungeon.
             The game lasted 00:54:37 (4822 turns).

trolface1997 the Grave Robber (Vampire Necromancer) Turns: 4822, Time: 00:54:38

Health: -8/35      AC:  5    Str:  8    XL:     5   Next: 85%
Magic:  5/9        EV: 10    Int: 18    God:
Gold:   194        SH:  4    Dex: 14    Spells: 7/9 levels left

rFire    x . .     SeeInvis +   z - +0 long sword
rCold    + . .     Gourm    .   o - +0 buckler
rNeg     + . .     Faith    .   e - +0 ring mail
rPois    +         Spirit   .   (no helmet)
rElec    .         Reflect  .   (no cloak)
rCorr    .         Harm     .   (no gloves)
MR       .....                  (no boots)
Stlth    ++........             (no amulet)
HPRegen  0.11/turn              y - ring of ice
MPRegen  0.11/turn              A - ring of poison resistance

@: no status effects
A: fangs 3, see invisible, unbreathing
a: Bat Form


You were on level 3 of the Dungeon.
You were not thirsty.

You visited 1 branch of the dungeon, and saw 3 of its levels.

You collected 194 gold pieces.

Inventory:

Hand Weapons
 i - a +0 dagger
 l - a +0 dagger
 t - a +0 short sword
 z - a +0 long sword (weapon)
Missiles
 g - 64 sling bullets
Armour
 a - a +0 robe
 d - a +0 plate armour
 e - a +0 ring mail (worn)
 k - a +0 leather armour
 n - a +0 chain mail
 o - a +0 buckler (worn)
 s - a +0 pair of gloves
Jewellery
 c - an uncursed ring of magical power {unknown}
 y - a ring of ice (left hand)
 A - a ring of poison resistance (right hand)
Scrolls
 r - 5 scrolls of identify {unknown}
 B - a scroll of fear {unknown}
Potions
 j - 2 potions of invisibility
Books
 b - a book of Necromancy

   Spells                             Type                      Level
   a - Pain                           Necromancy                   1
   b - Animate Skeleton               Necromancy                   1
   c - Vampiric Draining              Necromancy                   3
   d - Regeneration                   Charms/Necromancy            3
   e - Animate Dead                   Necromancy                   4
   f - Control Undead                 Necromancy                   4
Comestibles
 f - 2 meat rations
 v - a royal jelly
 x - a bread ration


   Skills:
 - Level 1.6(1.7) Short Blades
 * Level 0.4(1.1) Long Blades
 * Level 1.4 Armour
 - Level 2.2 Dodging
 * Level 3.5 Stealth
 * Level 1.9 Shields
 + Level 2.9 Spellcasting
 + Level 5.8 Necromancy


You had 7 spell levels left.
You knew the following spells:

 Your Spells              Type           Power        Failure   Level  Hunger
a - Pain                  Necr           ###.         6%          1    None
b - Animate Skeleton      Necr           N/A          6%          1    None


Dungeon Overview and Level Annotations

Branches:
Dungeon (3/15)

Altars:


Innate Abilities, Weirdness & Mutations

You have razor-sharp teeth.
You have supernaturally acute eyesight. (SInv)
You can survive without breathing.


Message History

The gnoll is heavily wounded.
You slash the gnoll!
You kill the gnoll!
The gnoll barely misses you.
You feel better. The gnoll hits you but does no damage. Space bends around you.
Unknown command.
Okay, then.
You hit the gnoll. You bite the gnoll, but do no damage.
The gnoll is lightly wounded.
You block the gnoll's attack.
You hit the gnoll but do no damage.
The gnoll is lightly wounded.
The gnoll hits you with a flail of distortion.
* * * LOW HITPOINT WARNING * * *
Space warps horribly around you!
* * * LOW HITPOINT WARNING * * *
You hit the gnoll but do no damage.
The gnoll is lightly wounded.
The gnoll hits you with a flail of distortion!
You die...

......##..#.# ##...#..##.##.#
#..#.#........# #.##........g.#
#.##....(.....# .##
#.............#### ..#
##..#...###...###.## #.##
.......(......###..###..# #######
#.#.#..###.....g@.....#.###......
.......###..####.................
#.#..#.##...# ##.......##.......
#...##.#...## #####.#.[.))....(
#..###.#...# #..)###...... #.##
#....## ##..###......
#.#####..#############..).#......
..........................#......
..#......###############.##<.....


You could see a gnoll.

Vanquished Creatures
  A centaur (D:2)
  Jessica (D:2)
  3 adders
  3 gnolls (D:3)
  5 worms
  A dart slug (D:1)
  3 leopard geckos (D:1)
  5 orcs (D:3)
  A giant cockroach (D:3)
  7 goblins
  5 hobgoblins
  A jackal (D:2)
  A quokka (D:3)
  8 bats
  A frilled lizard (D:2)
  11 kobolds
  9 rats
66 creatures vanquished.

Vanquished Creatures (collateral kills)
  A ball python (D:2)
  A hobgoblin (D:1)
  A rat (D:3)
3 creatures vanquished.

Grand Total: 69 creatures vanquished

Notes
Turn   | Place    | Note
-------+----------+-------------------------------------------
     0 | D:1      | trolface1997 the Vampire Necromancer began the quest for the Orb.
     0 | D:1      | Reached XP level 1. HP: 13/13 MP: 3/3
    60 | D:2      | Reached XP level 2. HP: 9/19 MP: 0/5
   469 | D:1      | Reached skill level 5 in Necromancy
   575 | D:1      | Learned a level 1 spell: Animate Skeleton
   993 | D:1      | Reached XP level 3. HP: 23/24 MP: 3/6
  1355 | D:1      | Learned a level 3 spell: Regeneration
  1614 | D:1      | Reached skill level 1 in Short Blades
  1837 | D:2      | Noticed Jessica
  1871 | D:2      | Killed Jessica
  1871 | D:2      | Reached skill level 1 in Armour
  1871 | D:2      | Reached XP level 4. HP: 15/30 MP: 0/7
  2874 | D:2      | Noticed a centaur
  2882 | D:2      | Killed a centaur
  2882 | D:2      | Reached skill level 1 in Shields
  2882 | D:2      | Reached XP level 5. HP: 11/35 MP: 1/9
  4822 | D:3      | Mangled by a gnoll

Vault maps used:
D:1:      dpeg_arrival_rooms_with_view, dk_noncrumbling_4, minmay_pentomino_p4
D:2:      uniq_jessica
D:3:      first_bread

Skill      XL: |  1  2  3  4 |
---------------+-------------+-----
Necromancy     | 5 |  5.8
Short Blades   | 1 |  1.6
Armour         | 1 |  1.4
Shields        | 1 |  1.9
Long Blades    | |  0.4
Dodging        | |  2.2
Stealth        | |  3.5
Spellcasting   | |  2.9

Action                   |  1- 3 |  4- 6 || total
-------------------------+-------+-------++-------
Melee: Unarmed           |    27 |       ||    27
       Dagger            |     2 |       ||     2
       Short sword       |     4 |    96 ||   100
       Bite              |       |    12 ||    12
       Long sword        |       |    18 ||    18
 Cast: Pain              |    61 |    78 ||   139
       Animate Skeleton  |     7 |     3 ||    10
       Regeneration      |       |     5 ||     5
 Abil: End Transformatio |     1 |       ||     1
       Bat Form          |     1 |       ||     1
  Use: Potion            |     4 |     6 ||    10
       Scroll            |       |     3 ||     3
  Eat: Corpse            |     7 |     8 ||    15
Armor: Plate armour      |    31 |       ||    31
       Robe              |     3 |     6 ||     9
       Ring mail         |       |    15 ||    15
Dodge: Dodged            |    20 |    50 ||    70
Block: Buckler           |       |    12 ||    12
       Rpst.: Long sword |       |     2 ||     2

Table legend:
 A = Spawn XP
 B = Non-spawn XP
 C = Spawn XP percentage of total XP
 D = Spawn monster count
 E = Non-spawn monster count
 F = Spawn count percentage of total count
 G = Total turns spent on level
                    A         B        C        D         E        F      G
               +---------+---------+-------+---------+---------+-------+---------
         Total |       0 |     354 |   0.0 |       0 |      69 |   0.0 |  4822
               +---------+---------+-------+---------+---------+-------+---------
           D:1 |       0 |      53 |   0.0 |       0 |      29 |   0.0 |  2324
           D:2 |       0 |     210 |   0.0 |       0 |      21 |   0.0 |  1700
           D:3 |       0 |      91 |   0.0 |       0 |      19 |   0.0 |   798
               +---------+---------+-------+---------+---------+-------+---------
